 Dungeon Crawl Stone Soup version 0.20-a0-788-g5cc1a67 (webtiles) character file.

75 M4edhros the Sneak (level 4, -10/28 HPs)
             Began as an Octopode Artificer on Feb 28, 2017.
             Mangled by an ogre
             ... wielding a +0 giant club
              (29 damage)
             ... on level 4 of the Dungeon.
             The game lasted 00:01:17 (1107 turns).

M4edhros the Sneak (Octopode Artificer)             Turns: 1107, Time: 00:01:17

Health: -10/28     AC:  1    Str: 11    XL:     4   Next: 31%
Magic:  6/6        EV: 12    Int: 13    God:
Gold:   87         SH:  3    Dex: 13    Spells: 3/3 levels left

rFire    . . .     SeeInvis .   a - +0 short sword
rCold    . . .     Gourm    .   p - +0 buckler
rNeg     . . .     Faith    .   (helmet restricted)
rPois    .         Spirit   .   (no amulet)
rElec    .         Reflect  .   (no ring)
rCorr    .         Harm     .   (no ring)
MR       .....                  (no ring)
Stlth    ++++......             (no ring)
Regen    0.1/turn               (no ring)
MPRegen  0.1/turn               (no ring)
                                (no ring)
                                (no ring)

@: no status effects
A: almost no armour, stealthy swim, amphibious, 8 rings, constrict 8, camouflage
1, gelatinous body 1
a: no special abilities


You were on level 4 of the Dungeon.
You were hungry.

You visited 1 branch of the dungeon, and saw 4 of its levels.
You also visited: Sewer.

You collected 87 gold pieces.

Inventory:

Hand Weapons
 a - a +0 short sword (weapon)
Armour
 p - a +0 buckler (worn)
Wands
 b - a wand of flame (10/48)
 c - a wand of enslavement (14/24)
 d - a wand of random effects (15/48)
Scrolls
 e - 3 scrolls of teleportation {unknown}
 g - a scroll of immolation {unknown}
 h - a scroll of fear {unknown}
 i - a scroll of blinking {unknown}
 j - a scroll of identify {unknown}
Potions
 k - 3 potions of invisibility {unknown}
 l - 2 potions of flight {unknown}
 m - a potion of resistance {unknown}
 n - a potion of mutation {unknown}
 o - a potion of degeneration {unknown}
Comestibles
 f - a bread ration


   Skills:
 - Level 1.0 Fighting
 - Level 1.0 Short Blades
 - Level 2.0 Dodging
 + Level 5.8 Stealth
 - Level 3.2 Evocations


You had 3 spell levels left.
You didn't know any spells.

Dungeon Overview and Level Annotations

Branches:
Dungeon (4/15)
 Temple: D:4-7

Altars:
Ashenzari


Innate Abilities, Weirdness & Mutations

You cannot wear most types of armour.
You are very stealthy in the water. (Stealth+)
You are amphibious.
You can wear up to eight rings at the same time.
You can use your tentacles to constrict eight enemies at once.
Your skin changes colour to match your surroundings (Stealth+).
Your rubbery body absorbs attacks. (AC +1, EV +1)


Message History

The worker ant closely misses your scorpion.
The worker ant bites your scorpion but does no damage.
Your scorpion stings the worker ant!
The worker ant barely misses your scorpion.
Your scorpion stings the worker ant!
The worker ant dies!
Found a stone staircase leading up.
You see here a worker ant corpse.
Found a robe.
An ogre comes into view. It is wielding a giant club.
An ogre is nearby!
An ogre is nearby!
An ogre is nearby!
Found 13 gold pieces.
The helpless ogre fails to defend itself.
You puncture the ogre!
The ogre is heavily wounded.
The ogre hits you with a giant club!!
Ouch! That really hurt!
You die...

##########
$.....O@.#
########.#
#.# #.#
#.# #.#
#.# #.#
###.#####
..


You could see an ogre.

Vanquished Creatures
  3 oozes
  5 worms
  A leopard gecko (Sewer)
  10 bats
  4 giant cockroaches
  4 jackals (Sewer)
  2 ball pythons (D:3)
  3 frilled lizards (Sewer)
  3 rats (D:3)
35 creatures vanquished.

Vanquished Creatures (collateral kills)
  A worker ant (D:4)
1 creature vanquished.

Grand Total: 36 creatures vanquished

Notes
Turn   | Place    | Note
-------+----------+-------------------------------------------
     0 | D:1      | M4edhros the Octopode Artificer began the quest for the Orb.
     0 | D:1      | Reached XP level 1. HP: 13/13 MP: 3/3
    82 | D:2      | Reached skill level 2 in Stealth
   116 | D:3      | Found a glowing drain.
   120 | D:3      | Reached skill level 3 in Stealth
   120 | D:3      | Reached XP level 2. HP: 14/18 MP: 4/4
   159 | Sewer    | Entered a sewer
   163 | Sewer    | Reached skill level 4 in Stealth
   167 | Sewer    | Reached XP level 3. HP: 9/23 MP: 5/5
   823 | Sewer    | Reached skill level 5 in Stealth
   881 | Sewer    | Reached XP level 4. HP: 24/28 MP: 6/6
  1055 | D:4      | Found a shattered altar of Ashenzari.
  1105 | D:4      | Noticed an ogre
  1107 | D:4      | Mangled by an ogre

Vault maps used:
D:1:      mainiacjoe_arrival_reflecting_pool
D:2:      marbit_many_paths, trog_book
D:3:      nicolae_overflow_crystal_walls, portal_sewer_entry_a
D:4:      cheibrodos_ashenzari_chains, minmay_hedge_maze, hex_tiny
Sewer:    sewer_fruit_machine

Skill      XL: |  1  2  3 |
---------------+----------+-----
Stealth        | 3 4 5 |  5.8
Fighting       | |  1.0
Short Blades   | |  1.0
Dodging        | |  2.0
Evocations     | |  3.2

Action                   |  1- 3 |  4- 6 || total
-------------------------+-------+-------++-------
Melee: Short sword       |    68 |     5 ||    73
       Constrict         |    16 |     1 ||    17
       Tentacles         |    13 |     1 ||    14
Evoke: Wand              |     5 |     1 ||     6
 Stab: Sleeping          |     6 |     1 ||     7
Armor: Skin              |    11 |       ||    11
Dodge: Dodged            |    39 |       ||    39
Block: Buckler           |     1 |       ||     1
